 Seeded DCSS version 0.30.0-19-g36f170ea60 (webtiles) character file.

Game seed: 8994729474104937668 (custom seed)

685 CInkIbrahim the Chopper (level 7, -5/35 HPs)
             Began as a Vine Stalker Cinder Acolyte on May 27, 2023.
             Was a High Priest of Ignis.
             Splashed by a jelly's acid (7 damage)
             ... on level 5 of the Dungeon.
             The game lasted 00:09:04 (2998 turns).

CInkIbrahim the Chopper (VSCA)                      Turns: 2998, Time: 00:09:05

Health: -5/35      AC: -9    Str: 18    XL:     7   Next: 62%
Magic:  0/9        EV: 10    Int: 14    God:    Ignis [*****.]
Gold:   153        SH:  0    Dex: 10    Spells: 8/8 levels left

rFire   + + .        a - -1 hand axe (flame)
rCold   . . .        (no shield)
rNeg    . . .        u - +0 ring mail
rPois   .            (helmet restricted)
rElec   .            v - +0 cloak
rCorr   .            (no gloves)
SInv    +            D - +0 pair of boots
Will    .....        (no amulet) Stlth
                     j - ring of protection from fire
HPRegen 1.05/turn    x - ring of see invisible
MPRegen 0.11/turn

%: guardian spirit
@: corroded
A: fangs 2, regeneration 1, magic shield, antimagic bite, no potion heal 2,
antennae 1, MP-powered wands
a: Renounce Religion, Fiery Armour, Foxfire Swarm, Rising Flame


You were on level 5 of the Dungeon.
You worshipped Ignis.
Ignis was extremely pleased with you.
You visited 1 branch of the dungeon, and saw 5 of its levels.

You collected 153 gold pieces.

Inventory:

Hand Weapons
 a - a -1 hand axe of flaming (weapon)
 b - a +2 mace of protection
Missiles
 e - 8 poisoned darts (quivered)
Armour
 u - a +0 ring mail (worn)
 v - a +0 cloak (worn)
 A - a +0 robe
 D - a +0 pair of boots (worn)
 E - a +0 helmet
Jewellery
 j - a ring of protection from fire (left hand)
 x - a ring of see invisible (right hand)
 y - a ring of resist corrosion
Wands
 w - a wand of roots (6)
 F - a wand of mindburst (10)
Scrolls
 d - 2 scrolls of vulnerability {unknown}
 f - 2 scrolls of torment {unknown}
 g - 2 scrolls of blinking {unknown}
 h - a scroll of fear {unknown}
 i - 2 scrolls of immolation {unknown}
 k - 2 scrolls of magic mapping {unknown}
 m - 2 scrolls of silence
 o - 3 scrolls of teleportation {unknown}
 p - a scroll of enchant armour {unknown}
 t - a scroll of enchant weapon {unknown}
Potions
 c - a potion of berserk rage
 l - 2 potions of might
 n - a potion of brilliance {unknown}
 q - a potion of curing
 r - a potion of attraction {unknown}
 s - a potion of magic
 z - a potion of heal wounds
 B - a potion of cancellation
 C - a potion of resistance


   Skills:
 - Level 2.6 Fighting
 + Level 7.9 Axes
 - Level 1.1 Spellcasting
 - Level 3.0 Fire Magic


You had 8 spell levels left.
You didn't know any spells.
Your spell library contained the following spells:

 Spells                   Type           Power      Damage    Failure   Level
 Scorch                   Fire           18%        2d6       21%         2
 Sandblast                Erth           0%         2d4       43%         1
 Summon Small Mammal      Summ           0%         N/A       43%         1
 Passwall                 Tmut/Erth      0%         N/A       56%         2
 Call Canine Familiar     Summ           0%         N/A       80%         3
 Summon Guardian Golem    Hex/Summ       0%         N/A       80%         3
 Borgnjor's Vile Clutch   Necr/Erth      0%         N/A       100%        5
 Iron Shot                Conj/Erth      0%         9d1       100%        6
 Statue Form              Tmut/Erth      0%         N/A       100%        6


Dungeon Overview and Level Annotations

Branches:
Dungeon (5/15)
 Temple: D:4-7

Altars:
Ashenzari
Okawaru
Qazlal
Sif Muna
Xom

Shops:
D:4 ==


Innate Abilities, Weirdness & Mutations

You have extremely sharp teeth.
Your natural rate of healing is unusually fast.
When hurt, damage is shared between your health and your magic reserves.
Your bite disrupts and absorbs the magic of your enemies.
Potions cannot restore your health.
You have a pair of small antennae on your head.
You expend magic power (3 MP) to strengthen your wands.


Message History

The jelly quivers.
You see here a wand of mindburst (10).
F - a wand of mindburst (10)
The jelly hits you but does no damage.
You hit the jelly. You burn the jelly.
Your hands burn!
You bite the jelly! You drain its power.
The jelly is heavily wounded.
The jelly hits you. The acid corrodes you!
You are splashed with acid!
You hit the jelly but do no damage. The acid corrodes you!
Your hands burn!
The jelly is heavily wounded.
The jelly misses you.
You barely miss the jelly. You bite the jelly. You drain its power.
You feel invigorated.
The jelly is severely wounded.
The jelly barely misses you.
You hit the jelly but do no damage.
Your hands burn!
The jelly is severely wounded.
The jelly hits you. The acid corrodes you!
You are splashed with acid!
You hit the jelly but do no damage.
Your hands burn!
The jelly is severely wounded.
The jelly closely misses you.
You barely miss the jelly. You bite the jelly, but do no damage.
The jelly is severely wounded.
You hit the jelly but do no damage. The acid corrodes you!
Your hands burn!
You bite the jelly, but do no damage.
The jelly is severely wounded.
The jelly hits you.
You are splashed with acid!
* * * LOW HITPOINT WARNING * * *
You hit the jelly. You burn the jelly.
Your hands burn!
You bite the jelly, but do no damage.
The jelly is almost dead.
The jelly barely misses you.
You hit the jelly but do no damage.
Your hands burn!
* * * LOW HITPOINT WARNING * * *
You bite the jelly, but do no damage.
The jelly is almost dead.
The jelly hits you.
* * * LOW HITPOINT WARNING * * *
You are splashed with acid!
You die...

###### #....#
#....# #....#
#....# #..@.#
#..J## #
#..##...##..##
#......<.....#
#............#
#..##...##...#
#.. ##+## ..##
#. .# .


You could see a jelly.

Vanquished Creatures
  Sigmund (D:4)
  An ogre (D:4)
  Blork the orc (D:4)
  A bullfrog (D:4)
  Terence (D:2)
  Jessica (D:3)
  An iguana (D:4)
  2 orc wizards (D:4)
  6 adders
  4 gnolls
  An ufetubus (D:4)
  A worm (D:3)
  3 dart slugs
  8 orcs (D:4)
  2 endoplasms (D:1)
  5 giant cockroaches
  11 hobgoblins
  3 quokkas
  6 ball pythons
  6 bats
  5 frilled lizards
  6 goblins
  3 kobolds
  3 rats
82 creatures vanquished.

Notes
Turn   | Place    | Note
-------+----------+-------------------------------------------
     0 | D:1      | CInkIbrahim the Vine Stalker Cinder Acolyte began the quest
                  | for the Orb.
     0 | D:1      | Reached XP level 1. HP: 11/11 MP: 3/3
    79 | D:1      | Reached skill level 3 in Axes
   188 | D:1      | Reached XP level 2. HP: 14/16 MP: 2/4
   339 | D:1      | Reached XP level 3. HP: 11/19 MP: 2/5
   760 | D:2      | Reached skill level 4 in Axes
  1280 | D:2      | Noticed Terence
  1287 | D:2      | Killed Terence
  1288 | D:2      | Gained mutation: Your natural rate of healing is unusually
                  | fast. [Vine Stalker growth]
  1288 | D:2      | Reached XP level 4. HP: 23/23 MP: 6/6
  1622 | D:3      | Got the Tome of the Mantle
  1708 | D:3      | Noticed Jessica
  1716 | D:3      | Killed Jessica
  1806 | D:3      | Reached skill level 5 in Axes
  1857 | D:3      | Reached XP level 5. HP: 27/27 MP: 7/7
  2104 | D:4      | Gained mutation: You have a pair of small antennae on your
                  | head. [potion of mutation]
  2104 | D:4      | Gained mutation: You expend magic power (3 MP) to
                  | strengthen your wands. [potion of mutation]
  2123 | D:4      | Noticed an ogre
  2132 | D:4      | Killed an ogre
  2147 | D:4      | Noticed Sigmund
  2159 | D:4      | Killed Sigmund
  2160 | D:4      | Reached skill level 6 in Axes
  2160 | D:4      | Reached XP level 6. HP: 14/32 MP: 8/8
  2217 | D:4      | Reached skill level 7 in Axes
  2217 | D:4      | Reached XP level 7. HP: 35/35 MP: 9/9
  2238 | D:4      | Found Dapt's Jewellery Shop.
  2483 | D:4      | Found Getyn's Jewellery Shop.
  2608 | D:4      | Found a shimmering blue altar of Sif Muna.
  2608 | D:4      | Found a shimmering altar of Xom.
  2608 | D:4      | Found an iron altar of Okawaru.
  2633 | D:4      | Noticed Blork the orc
  2642 | D:4      | Killed Blork the orc
  2824 | D:4      | Found a stormy altar of Qazlal.
  2825 | D:4      | Found a broken altar of Ashenzari.
  2860 | D:5      | Entered Level 5 of the Dungeon
  2998 | D:5      | Splashed by a jelly's acid

Illustrated notes

Levels and vault maps discovered:
D:1:      ncdulo_halloftheorcs, layout_rooms, minmay_tetromino_o4
D:2:      layout_loops_cross, uniq_terence
D:3:      layout_basic, serial_forest, infiniplex_forest_diagonal,
          infiniplex_forest_straight_2, infiniplex_forest_lined_1,
          infiniplex_forest_lined_corner, infiniplex_forest_clump_small,
          infiniplex_forest_zigzag_2, infiniplex_forest_clump_tiny, uniq_jessica
D:4:      layout_basic, grunt_temple_overflow_open, serial_shops, shop,
          minmay_misc_feat_nine_boxes, minivault_24,
          minmay_shop_enchanted_jewellery, uniq_blork_the_orc, uniq_sigmund
D:5:      minmay_angry_zag, layout_gridville, minmay_temple_entry_junction_2,
          eino_tiny_chamber

Skill      XL: |  1  2  3  4  5  6 |
---------------+-------------------+-----
Axes           | 3 4 5 6 7 |  7.9
Fighting       | |  2.6
Spellcasting   | |  1.1
Fire Magic     | |  3.0

Action                     |  1- 3 |  4- 6 |  7- 9 || total
---------------------------+-------+-------+-------++-------
  Melee: Hand axe          |    90 |    77 |    84 ||   251
         Bite              |    17 |    22 |    24 ||    63
         Punch             |       |     1 |       ||     1
 Invoke: Fiery Armour      |       |     1 |       ||     1
  Evoke: Wand              |       |       |     1 ||     1
    Use: Potion            |     2 |     2 |       ||     4
         Scroll            |       |     6 |     1 ||     7
 Armour: Robe              |     8 |       |       ||     8
         Ring mail         |       |    23 |    27 ||    50
  Dodge: Dodged            |    46 |    35 |    41 ||   122
